 Dungeon Crawl Stone Soup version 0.29-a0-520-gc852659d43 (webtiles) character file.

Game seed: 15308007220053941454

1 Bruhh the Skirmisher (level 1, 0/24 HPs)
             Began as an Ogre Abyssal Knight on May 31, 2022.
             Was a Follower of Lugonu.
             Slain by a jackal (1 damage)
             ... on level 1 of the Dungeon.
             The game lasted 00:00:45 (126 turns).

Bruhh the Skirmisher (Ogre Abyssal Knight)           Turns: 126, Time: 00:00:45

Health: 0/24       AC:  3    Str: 16    XL:     1   Next: 20%
Magic:  2/2        EV: 10    Int: 11    God:    Lugonu [*.....]
Gold:   0          SH:  0    Dex:  9    Spells: 0/0 levels left

rFire   + . .      SeeInvis .   a - +1 mace
rCold   + . .      Faith    .   (no shield)
rNeg    . . .      Spirit   .   b - +0 robe
rPois   +          Reflect  .   (helmet restricted)
rElec   +          Harm     .   (no cloak)
rCorr   +          Rampage  .   (gloves unavailable)
Will    .....                   (boots unavailable)
Stlth   +.........              (no amulet)
HPRegen 0.08/turn               (no ring)
MPRegen 0.08/turn               (no ring)

@: resistant
A: large, unfitting armour, tough skin 1
a: Renounce Religion, Depart the Abyss


You were on level 1 of the Dungeon.
You worshipped Lugonu.
Lugonu was aware of your devotion.
You visited 1 branch of the dungeon, and saw 1 of its levels.
You visited the Abyss 1 time.

Inventory:

Hand Weapons
 a - a +1 mace (weapon)
Armour
 b - a +0 robe (worn)
Scrolls
 c - a scroll of blinking {unknown}


   Skills:
 + Level 4.0 Fighting
 + Level 1.8 Maces & Flails
 - Level 2.1 Dodging
 - Level 2.0 Invocations


You couldn't memorise any spells.
You didn't know any spells.
Your spell library contained the following spells:

 Spells                   Type           Power      Damage    Failure   Level
 Cause Fear               Hex            0%         N/A       98%         4
 Dragon Form              Tmut           0%         N/A       100%        7
 Dragon's Call            Summ           0%         N/A       100%        9


Dungeon Overview and Level Annotations

Branches:
Dungeon (1/15)

Altars:


Innate Abilities, Weirdness & Mutations

You are too large for most types of armour.
You have tough skin. (AC +1)


Message History

A jackal comes into view.
The dart slug launches a dart at you. The slug dart hits you.
You miss the jackal.
The jackal barks!
The jackal misses you. The jackal bites you. The dart slug closely misses you.
You hit the jackal but do no damage.
The jackal bites you but does no damage.
The jackal barely misses you.
The jackal bites you but does no damage.
The jackal bites you.
The dart slug bites you but does no damage.
You hit the jackal.
The jackal is almost dead.
The jackal closely misses you. x2; The jackal bites you.
The jackal misses you. The dart slug launches a dart at you.
The slug dart hits you.
You are too injured to fight recklessly!
Unknown command.
Okay, then.
It was a potion of magic.
Magic courses through your body. The jackal barely misses you.
The jackal bites you.
* * * LOW HITPOINT WARNING * * *
It was a potion of resistance.
You feel protected. The jackal closely misses you.
The jackal barely misses you. The dart slug closely misses you.
The jackal bites you but does no damage.
The jackal attacks as you move away! The jackal bites you.
* * * LOW HITPOINT WARNING * * *
The jackal bites you but does no damage.
The jackal attacks as you move away! The jackal misses you.
The jackal attacks as you move away! The jackal barely misses you.
The jackal bites you.
* * * LOW HITPOINT WARNING * * *
The jackal bites you.
* * * LOW HITPOINT WARNING * * *
The jackal bites you but does no damage.
The jackal attacks as you move away! The jackal bites you.
You die...

# ###### .# .....###### .
# ..........# .#.#
..........#########...
..........##.........
####......##......#
###.......'....@.+
#..).....##....hh# #
#..[.....##....wh##.##>##
#.....[..######..h.......
#......### #.....##.##
######## #..##.# +...# .#
##..# # #..#


You could see a dart slug and 4 jackals.

Vanquished Creatures
  A ball python (D:1)
  A goblin (D:1)
2 creatures vanquished.

Notes
Turn   | Place    | Note
-------+----------+-------------------------------------------
     0 | Abyss:1  | Bruhh the Ogre Abyssal Knight began the quest for the Orb.
     0 | Abyss:1  | Reached XP level 1. HP: 24/24 MP: 2/2
    29 | Abyss:1  | Noticed a spatial vortex
    29 | Abyss:1  | Noticed a spatial maelstrom
    30 | Abyss:1  | Noticed a spatial vortex
    30 | Abyss:1  | Noticed a spatial vortex
    31 | D:1      | Escaped the Abyss
   125 | D:1      | HP: 1/24 [jackal (3)]
   126 | D:1      | Slain by a jackal

Illustrated notes

Levels and vault maps discovered:
D:1:      kennysheep_arrival_seaside, layout_basic,
          chequers_ecumenical_altar_lobes

Action                   || total
-------------------------++-------
Melee: Mace              ||     7
Invok: Depart the Abyss  ||     1
  Use: Potion            ||     2
Armor: Robe              ||     7
Dodge: Dodged            ||    16

Table legend: (Time is in decaauts)
 A = Elapsed time spent in this place.
 B = Non-inter-level travel time spent in this place.
 C = Inter-level travel time spent in this place.
 D = Time resting spent in this place.
 E = Time spent auto-exploring this place.
 F = Levels seen in this place.
 G = Mean time per level.
                   A        B        C        D        E       F      G
               +--------+--------+--------+--------+--------+-----+--------+
         Total |    127 |    127 |      0 |      0 |     66 |   2 |   63.5 |
       Dungeon |     96 |     96 |      0 |      0 |     66 |   1 |   96.0 |
         Abyss |     31 |     31 |      0 |      0 |      0 |   1 |   31.0 |
               +--------+--------+--------+--------+--------+-----+--------+

Top non-repeatable levels by time:
     D:1: 96 daAuts
 Abyss:1: 31 daAuts
